 Dungeon Crawl Stone Soup version 0.18-a0-1206-g2bec475 (webtiles) character file.

79492 Iskender the Bludgeoner (level 15, -4/149 HPs)
             Began as an Ogre Wanderer on Feb 2, 2016.
             Was the Champion of Okawaru.
             Slain by a hornet zombie (7 damage)
             ... on level 14 of the Dungeon.
             The game lasted 03:49:25 (28384 turns).

Iskender the Bludgeoner (Ogre Wanderer)            Turns: 28384, Time: 03:49:28

Health: -4/149     AC: 13    Str: 27    XL:     15   Next: 63%
Magic:  29/29      EV: 20    Int: 17    God:    Okawaru [******]
Gold:   1163       SH:  0    Dex: 16    Spells: 6 memorised, 20 levels left

rFire  . . .     SeeInvis .     a - +4 great mace of Odwyesk Ysho {holy, Int+2}
rCold  . . .     Gourm    .     g - +4 robe of Augmentation {Str+4 Int+4 Dex+4}
rNeg   . . .     Faith    .     (shield currently unavailable)
rPois  .         Spirit   .     K - +5 hat of Blue Skies {+Inv}
rElec  .         Dismiss  .     r - +0 cloak
rCorr  .         Reflect  .     (gloves unavailable)
SustAt .         Harm     .     (boots unavailable)
MR     +....                    (no amulet)
Stlth  ++........               w - ring of wizardry
                                t - +3 ring of evasion

@: somewhat resistant to hostile enchantments, unstealthy
A: unfitting armour, high mp 1, tough skin 1
a: Heroism, Finesse, Renounce Religion, Evoke Invisibility


You were on level 14 of the Dungeon.
You worshipped Okawaru.
Okawaru was exalted by your worship.
You were not hungry.

You visited 3 branches of the dungeon, and saw 23 of its levels.

You collected 1443 gold pieces.
You spent 280 gold pieces at shops.

Inventory:

Hand Weapons
 a - the +4 great mace of Odwyesk Ysho (weapon) {holy, Int+2}
   (Okawaru gifted it to you on level 6 of the Lair of Beasts)

   It has been blessed by the Shining One to cause great damage to the undead
   and demons.
   It affects your intelligence (+2).
 b - a +0 giant spiked club
 v - a +0 blowgun
Missiles
 p - 8 javelins of penetration
 A - 11 large rocks (quivered)
 S - 8 curare-tipped needles
 V - 5 tomahawks of returning
 X - 7 needles of frenzy
 Y - 4 needles of sleeping
 Z - 2 needles of paralysis
Armour
 g - the +4 robe of Augmentation (worn) {Str+4 Int+4 Dex+4}
   (You found it on level 8 of the Lair of Beasts)

   It affects your strength (+4).
   It affects your intelligence (+4).
   It affects your dexterity (+4).
 j - a +2 robe of resistance
 r - a +0 cloak (worn)
 K - the +5 hat of Blue Skies (worn) {+Inv}
   (You found it on level 4 of the Lair of Beasts)

   It lets you turn invisible.
Jewellery
 t - a +3 ring of evasion (left hand)
 w - a ring of wizardry (right hand)
 U - an uncursed ring of fire
Wands
 c - a wand of teleportation (2/9)
 k - a wand of slowing (19/48)
 l - a wand of digging (8/24)
 n - a wand of confusion (13/48)
 D - a wand of digging (8/24)
 F - a wand of draining (10/15)
Scrolls
 d - 3 scrolls of enchant armour
 h - 6 scrolls of fog
 y - 12 scrolls of remove curse
 C - a scroll of magic mapping
 G - a scroll of immolation
 J - a scroll of vulnerability
 O - 5 scrolls of recharging
 R - a scroll of summoning
 T - a scroll of holy word
 W - 2 scrolls of fear
Potions
 e - a potion of beneficial mutation
 m - a potion of flight
 s - 4 potions of might
 x - a potion of cure mutation
 H - 4 potions of agility
 I - 3 potions of brilliance
 L - 2 potions of curing
 M - 3 potions of heal wounds
 N - a potion of cancellation
 P - 3 potions of haste
 Q - a potion of invisibility
Books
 B - a book of Beasts

   Spells                             Type                      Level
   a - Summon Butterflies             Summoning                    1
   b - Call Canine Familiar           Summoning                    3
   c - Summon Ice Beast               Ice/Summoning                4
   d - Summon Mana Viper              Hexes/Summoning              5
   e - Summon Hydra                   Summoning                    7
Comestibles
 f - 11 bread rations
 q - 4 beef jerkies
 z - 11 meat rations


   Skills:
 - Level 10.0 Fighting
   Level 1.0 Short Blades
 - Level 19.0 Maces & Flails
   Level 1.0 Bows
 + Level 14.1 Throwing
 - Level 11.2 Dodging
 - Level 2.4 Stealth
 - Level 8.2 Spellcasting
 - Level 2.1 Conjurations
 - Level 2.0 Fire Magic
 - Level 6.0 Invocations


You had 20 spell levels left.
You knew the following spells:

 Your Spells              Type           Power        Failure   Level  Hunger
b - Summon Butterflies    Summ           #.......     4%          1    None
d - Conjure Flame         Conj/Fire      ##......     6%          3    #......
r - Repel Missiles        Chrm/Air       #.....       7%          2    None
v - Blink                 Tloc           N/A          7%          2    None
A - Apportation           Tloc           #.........   4%          1    None
X - Corona                Hex            #......      4%          1    None


Dungeon Overview and Level Annotations

Branches:
Dungeon (14/15)            Temple (1/1) D:5            Lair (8/8) D:9
 Shoals (0/4) Lair:3       Spider (0/4) Lair:4        Slime (0/6) Lair:6
    Orc (0/2) D:9
 Vaults: D:13-14

Altars:
Ashenzari
Cheibriados
Dithmenos
Elyvilon
Fedhas
Gozag
Kikubaaqudgha
Makhleb
Nemelex Xobeh
Okawaru
Pakellas
Qazlal
Ru
Sif Muna
Trog
Vehumet
Xom
Yredelemnul
Zin
The Shining One
Jiyva

Shops:
D:5 [(:   D:6 =

Portals:
Trove: D:12 (give horn of Geryon)

Annotations:
D:11 Erolcha
D:13 Leszczynek's ghost, journeyman GrIE; aleksiL's ghost, journeyman DsEE
Lair:2 Torax's ghost, journeyman OpTm


Innate Abilities, Weirdness & Mutations

You are too large for most types of armour.
You have tough skin (AC +1).
You have an increased reservoir of magic (+10% MP).


Message History

You bludgeon the centaur warrior!!
The centaur warrior is moderately wounded.
The centaur warrior hits you but does no damage.
You hit the centaur warrior but do no damage.
The centaur warrior is moderately wounded.
The hornet zombie hits you but does no damage.
The centaur warrior hits you.
A gargoyle comes into view. It is wielding a flail of holy wrath.
The centaur warrior wields an uncursed longbow.
The centaur warrior shoots an arrow.
The arrow hits you!
You hear a loud, deep croak!
You see here an arrow.
A centaur warrior comes into view.
The centaur warrior wields a longbow.
The centaur warrior shoots an arrow.
The arrow hits you!!
* * * LOW HITPOINT WARNING * * *
The centaur warrior shoots an arrow.
The arrow hits you!!
* * * LOW HITPOINT WARNING * * *
The hornet zombie hits you!
You die...

#.....########......
#+##.(.................
.....((...............
c..).................
......!..............
....#9...(#...#####'#
#.###.#c###.#.......#.#
#.....#..(..#......####
#..@Zt#.....#...##
#$###.#.........>. #
..#.Z..........
#...............
#...............
#..............
..[.............
................
...............


You could see 2 centaur warriors, a crocodile, a gargoyle and a hornet zombie.

Vanquished Creatures
  Rupert (Lair:4)
  Maud (Lair:4)
  Josephine (D:12)
  The ghost of ZeroCool the Unseen, a journeyman SpEn of Ashenzari (Lair:7)
  5 hydras
  A centaur warrior (D:12)
  An ogre mage (D:14)
  10 death yaks
  Nergalle (Lair:1)
  A tengu warrior (D:13)
  The ghost of nubinia the Zephyrmancer, a novice TeAE of Sif Muna (D:8)
  4 unseen horrors
  A fire crab (Lair:7)
  4 hill giants
  2 deep elf magi (D:13)
  A manticore (D:13)
  An orb spider (Lair:4)
  2 griffons
  3 cyclopes
  8 black mambas
  Maurice (D:13)
  14 spiny frogs
  11 komodo dragons
  6 fire drakes
  A spriggan druid (Lair:8)
  A tengu conjurer (D:13)
  10 polar bears
  A troll (D:12)
  3 two-headed ogres
  13 blink frogs
  4 boulder beetles
  The ghost of Enroth the Grave Robber, an amateur DsNe (D:3)
  A snapping turtle (Lair:3)
  A shadow (D:11)
  3 redbacks (Lair:8)
  10 spriggans
  Sigmund (D:3)
  A hill giant zombie (D:9)
  7 wraiths
  A fire elemental (D:12)
  73 yaks
  5 hippogriffs
  4 basilisks
  7 hungry ghosts
  Menkaure (D:5)
  A mottled dragon (D:13)
  43 wolves
  11 water moccasins
  6 porcupines
  3 ice beasts
  7 orc warriors
  5 sky beasts
  10 ogres
  3 phantoms
  3 wasps
  A necrophage (D:5)
  11 black bears
  7 centaurs
  17 crocodiles
  Blork the orc (D:6)
  18 giant frogs
  2 gnoll sergeants
  4 scorpions
  4 electric eels
  8 wights
  3 centaur zombies
  2 crimson imps
  4 giant frog skeletons
  2 giant frog zombies
  3 jellies
  9 hounds
  20 orc wizards
  3 gnoll shamans
  Crazy Yiuf (D:2)
  A centaur skeleton (D:4)
  12 orc priests
  9 iguanas
  10 worker ants
  2 killer bee zombies
  35 sheep
  7 ogre zombies (D:9)
  A worker ant zombie (D:10)
  25 gnolls
  12 adders
  93 river rats
  4 shadow imps
  2 adder zombies (D:9)
  2 adder skeletons
  4 giant geckos
  65 orcs
  A ball python (D:5)
  7 bats
  6 giant cockroaches
  18 goblins
  18 hobgoblins
  9 jackals
  17 kobolds
  3 quokkas
  A ball python skeleton (D:5)
  7 giant newts
  A goblin skeleton (D:9)
  A goblin zombie (D:9)
  3 hobgoblin skeletons (D:9)
  2 hobgoblin zombies (D:9)
  2 orc skeletons (D:9)
  16 orc zombies (D:9)
  3 quokka zombies (D:5)
  6 rats
  A bush (Lair:2)
  3 fungi
  2 plants
854 creatures vanquished.

Vanquished Creatures (collateral kills)
  A redback (Lair:8)
  A spriggan (Lair:8)
  2 black bears (Lair:8)
  A wasp (Lair:8)
5 creatures vanquished.

Vanquished Creatures (others)
  An orange crystal statue (D:9)
  2 polar bears (Lair:8)
  A redback (Lair:8)
  3 bushes
  20 fungi
  23 plants
50 creatures vanquished.

Grand Total: 909 creatures vanquished

Notes
Turn   | Place    | Note
--------------------------------------------------------------
     0 | D:1      | Iskender the Ogre Wanderer began the quest for the Orb.
     0 | D:1      | Iskender set off with: a +2 short sword, 2 potions of lignification, a +0 robe, a +0 dagger, a bread ration
     0 | D:1      | Reached XP level 1. HP: 24/24 MP: 1/1
   166 | D:1      | Reached skill level 1 in Throwing
   267 | D:1      | Reached skill level 1 in Maces & Flails
   267 | D:1      | Reached XP level 2. HP: 28/32 MP: 2/2
   565 | D:2      | Learned a level 1 spell: Summon Small Mammal
   592 | D:2      | Reached XP level 3. HP: 31/39 MP: 3/3
   860 | D:2      | Found an ancient bone altar of Kikubaaqudgha.
   887 | D:2      | Learned a level 1 spell: Corona
   896 | D:2      | Found a white marble altar of Elyvilon.
   963 | D:2      | Noticed Crazy Yiuf
   980 | D:2      | Killed Crazy Yiuf
   980 | D:2      | Reached XP level 4. HP: 39/48 MP: 0/4
  1176 | D:2      | Found a basalt altar of Yredelemnul.
  1282 | D:2      | Reached skill level 5 in Maces & Flails
  1284 | D:2      | Found a snail-covered altar of Cheibriados.
  1352 | D:3      | Noticed Sigmund
  1491 | D:3      | Reached XP level 5. HP: 50/54 MP: 5/5
  1632 | D:3      | Reached skill level 6 in Maces & Flails
  1841 | D:3      | Reached skill level 7 in Maces & Flails
  1843 | D:3      | Reached XP level 6. HP: 50/62 MP: 6/6
  1951 | D:3      | Gained mutation: You have an increased reservoir of magic (+10% MP). [potion of beneficial mutation]
  2146 | D:3      | Noticed Enroth's ghost (amateur DsNe)
  2414 | D:4      | Reached skill level 8 in Maces & Flails
  2454 | D:4      | Reached skill level 9 in Maces & Flails
  2454 | D:4      | Reached XP level 7. HP: 57/70 MP: 7/7
  2526 | D:4      | Learned a level 1 spell: Summon Butterflies
  2573 | D:4      | Reached skill level 10 in Maces & Flails
  2744 | D:4      | Reached XP level 8. HP: 37/78 MP: 8/8
  2934 | D:5      | Entered Level 5 of the Dungeon
  2993 | D:5      | Reached skill level 11 in Maces & Flails
  3034 | D:5      | Found a radiant altar of Vehumet.
  3471 | D:5      | Reached skill level 12 in Maces & Flails
  3541 | D:5      | Found Eptaxaav's Antique Armour Shop.
  3588 | D:5      | HP: 1/77 [killer bee zombie (8)]
  3590 | D:5      | Gained mutation: You regenerate slowly when monsters are visible. [potion of mutation]
  3590 | D:5      | Gained mutation: You are frail (-10% HP). [potion of mutation]
  3590 | D:5      | Gained mutation: You are weak. (Str -2) [potion of mutation]
  4001 | D:5      | Found a staircase to the Ecumenical Temple.
  4011 | Temple   | Entered the Ecumenical Temple
  4108 | Temple   | Became a worshipper of Warmaster Okawaru
  4138 | D:5      | Noticed Menkaure
  4146 | D:5      | Killed Menkaure
  4377 | D:5      | Found Zawaz's Antique Weapon Shop.
  4537 | D:5      | Found Icamuun's Book Emporium.
  4816 | D:5      | Reached skill level 5 in Dodging
  4816 | D:5      | Reached XP level 9. HP: 48/75 MP: 9/9
  5035 | D:5      | Bought a book of Minor Magic for 280 gold pieces
  5038 | D:5      | Learned a level 2 spell: Blink
  5041 | D:5      | Learned a level 2 spell: Repel Missiles
  5112 | D:6      | Reached skill level 1 in Spellcasting
  5296 | D:6      | Noticed Blork the orc
  5772 | D:6      | Found Vecacwif's Jewellery Boutique.
  5785 | D:6      | Got a dazzling dagger {venom}
  5789 | D:6      | Identified the +9 dagger "Asoenk" {venom, MP+9 Dex+6} (You took it off a gnoll on level 6 of the Dungeon)
  6042 | D:6      | Learned a level 3 spell: Conjure Flame
  6142 | D:6      | Reached * piety under Okawaru
  6159 | D:6      | Reached skill level 1 in Fire Magic
  6166 | D:6      | Reached skill level 1 in Conjurations
  6910 | D:3      | Killed Enroth's ghost
  6952 | D:3      | Killed Sigmund
  7139 | D:7      | Reached skill level 5 in Spellcasting
  7373 | D:7      | Reached XP level 10. HP: 72/82 MP: 20/20
  7413 | D:7      | Reached skill level 13 in Maces & Flails
  7434 | D:7      | Reached ** piety under Okawaru
  7752 | D:7      | Found a white marble altar of Elyvilon.
  8796 | D:8      | Noticed nubinia's ghost (novice TeAE)
  8821 | D:8      | Killed nubinia's ghost
  8821 | D:8      | Reached *** piety under Okawaru
  8821 | D:8      | Reached skill level 14 in Maces & Flails
  9099 | D:8      | Found a shadowy altar of Dithmenos.
  9318 | D:8      | Found a sacrificial altar of Ru.
  9326 | D:8      | Found a glowing silver altar of Zin.
  9327 | D:8      | Found a stormy altar of Qazlal.
  9328 | D:8      | Found an oddly glowing altar of Pakellas.
  9328 | D:8      | Found a blossoming altar of Fedhas.
  9384 | D:8      | Found an opulent altar of Gozag.
  9385 | D:8      | Found a glowing golden altar of the Shining One.
  9572 | D:9      | Found a shattered altar of Ashenzari.
  9651 | D:9      | Found a staircase to the Orcish Mines.
  9876 | D:9      | Received a gift from Okawaru
 10315 | D:9      | Reached XP level 11. HP: 90/90 MP: 22/22
 10340 | D:9      | Reached skill level 5 in Throwing
 10613 | D:9      | Reached **** piety under Okawaru
 10678 | D:9      | Received a gift from Okawaru
 10873 | D:9      | Found a staircase to the Lair.
 10928 | D:9      | Found an oddly glowing altar of Pakellas.
 10928 | D:9      | Noticed an orange crystal statue
 10942 | D:9      | Killed an orange crystal statue
 11563 | Lair:1   | Entered Level 1 of the Lair of Beasts
 12441 | Lair:1   | Learned a level 1 spell: Apportation
 12613 | Lair:1   | Received a gift from Okawaru
 12634 | Lair:1   | Lost mutation: You are frail (-10% HP). [potion of cure mutation]
 12634 | Lair:1   | Lost mutation: You are weak. (Str -2) [potion of cure mutation]
 12634 | Lair:1   | Lost mutation: You regenerate slowly when monsters are visible. [potion of cure mutation]
 12792 | Lair:1   | Reached skill level 1 in Invocations
 12847 | Lair:1   | Noticed Nergalle
 12851 | Lair:1   | Noticed a spectral orc warlord
 13009 | Lair:2   | Reached ***** piety under Okawaru
 13099 | Lair:2   | Reached XP level 12. HP: 93/107 MP: 20/23
 13162 | Lair:2   | Noticed Torax's ghost (journeyman OpTm)
 13216 | Lair:1   | Reached skill level 15 in Maces & Flails
 14226 | Lair:2   | Reached skill level 16 in Maces & Flails
 14817 | Lair:3   | Found a staircase to the Shoals.
 14833 | Lair:3   | Received a gift from Okawaru
 15262 | Lair:4   | Noticed Maud
 15287 | Lair:4   | HP: 4/107 [Maud/glaive of protection (33)]
 15931 | Lair:4   | Reached skill level 17 in Maces & Flails
 16780 | Lair:4   | Got a crude hat
 16791 | Lair:4   | Identified the +5 hat of Blue Skies {+Inv} (You found it on level 4 of the Lair of Beasts)
 17007 | Lair:4   | Noticed Rupert
 17099 | Lair:5   | Noticed a seven-headed hydra
 17115 | Lair:5   | Reached skill level 18 in Maces & Flails
 17204 | Lair:5   | Killed a seven-headed hydra
 17331 | Lair:5   | Reached XP level 13. HP: 78/114 MP: 24/24
 17502 | Lair:5   | Reached skill level 19 in Maces & Flails
 17996 | Lair:6   | Received a gift from Okawaru
 18039 | Lair:6   | Got a transparent great mace {god gift}
 18043 | Lair:6   | Identified the +4 great mace of Odwyesk Ysho {holy, Int+2} (Okawaru gifted it to you on level 6 of the Lair of Beasts)
 18538 | Lair:6   | Reached skill level 10 in Dodging
 18777 | Lair:6   | Reached ****** piety under Okawaru
 18874 | Lair:6   | Found a viscous altar of Jiyva.
 18876 | Lair:6   | Found a staircase to the Slime Pits.
 19360 | Lair:7   | Received a gift from Okawaru
 19418 | Lair:7   | Noticed ZeroCool's ghost (journeyman SpEn)
 19428 | Lair:7   | Killed ZeroCool's ghost
 19497 | Lair:7   | Received a gift from Okawaru
 19661 | Lair:7   | Found a snail-covered altar of Cheibriados.
 19774 | Lair:7   | Reached skill level 10 in Throwing
 19938 | Lair:7   | Reached XP level 14. HP: 73/123 MP: 25/25
 20212 | Lair:7   | Received a gift from Okawaru
 20645 | Lair:8   | Entered Level 8 of the Lair of Beasts
 22019 | Lair:4   | Killed Maud
 22303 | D:6      | Killed Blork the orc
 22339 | D:6      | Reached skill level 5 in Invocations
 22562 | Lair:1   | Killed Nergalle
 23167 | Lair:4   | Found a hole to the Spider Nest.
 23547 | Lair:4   | Killed Rupert
 23547 | Lair:4   | Received a gift from Okawaru
 24092 | Lair:8   | Received a gift from Okawaru
 24223 | Lair:8   | Reached XP level 15. HP: 59/130 MP: 27/29
 25035 | D:10     | Entered Level 10 of the Dungeon
 25381 | D:10     | Reached skill level 5 in Fighting
 26154 | D:11     | Noticed Erolcha
 26415 | D:12     | Noticed Josephine
 26429 | D:12     | Killed Josephine
 26867 | D:12     | Found a portal to a secret trove of treasure.
 27331 | D:13     | Found a glowing silver altar of Zin.
 27340 | D:13     | Reached skill level 10 in Fighting
 27507 | D:13     | Noticed Leszczynek's ghost (journeyman GrIE)
 27514 | D:13     | Noticed Maurice
 27831 | D:13     | Killed Maurice
 27849 | D:13     | Received a gift from Okawaru
 27898 | D:13     | Noticed aleksiL's ghost (journeyman DsEE)
 28263 | D:14     | Found a sparkling altar of Nemelex Xobeh.
 28384 | D:14     | HP: 3/149 [centaur warrior/arrow (28)]
 28384 | D:14     | Slain by a hornet zombie

Vault maps used:
D:1:      onia_arrival_pyramid, glass_columns_a
D:2:      lemuel_coloured_pillars_altar, cheibriados_altar_wand_db, minitemple,
          first_bread, uniq_crazy_yiuf_cottage
D:3:      uniq_sigmund
D:4:      grunt_ministairs_10
D:5:      vehumet_crystals, minmay_temple_entry_overgrown, serial_shops,
          shop_fountains, shop, nicolae_shop_crystal, dk_noncrumbling_4,
          serial_park_tiny_1, cheibrodos_gnoll_hut, uniq_menkaure
D:6:      corexii_shantytown, serial_shops, shop, uniq_blork_the_orc
D:7:      basic_altar
D:8:      nicolae_overflow_hidden_temple, grunt_temple_overflow_open, the_bakery
D:9:      nicolae_ashenzari_panopticon, minmay_lair_entry_grove,
          zombieorc2_lemuel, gammafunk_pakellas_statue_experiment
D:11:     uniq_erolcha
D:12:     enter_trove_3, grunt_ministairs_14, uniq_josephine
D:13:     grunt_vaults_entry_tiered, david_defended_altar_elf, uniq_maurice
D:14:     hangedman_cross_stitches, nemelex_xobeh_ov_fountains_minmay,
          dk_noncrumbling_3, nicolae_alphabet_shops
Temple:   hc_temple_tempest_star_small
Lair:1:   statuecave_lemuel, uniq_nergalle
Lair:2:   serial_forest, infiniplex_forest_clump_long,
          infiniplex_forest_lined_1, infiniplex_forest_clump_long,
          infiniplex_forest_straight_2, infiniplex_forest_clump_tiny,
          wad_woods_road_05
Lair:3:   minmay_shoals_entry_hut
Lair:4:   nicolae_spider_entry_orb_guardian, grunt_forest_large_clearings,
          uniq_maud, uniq_rupert
Lair:5:   grunt_megastairs_5, infiniplex_staircase_pool_2, lemuel_fruit_tree
Lair:6:   slime_altar_1, guppyfry_lair_drakes
Lair:7:   basic_altar, st_stairs_13
Lair:8:   minmay_lair_end_enchanted_forest

Action                   |  1- 3 |  4- 6 |  7- 9 | 10-12 | 13-15 || total
-------------------------+-------+-------+-------+-------+-------++-------
Melee: Short sword       |    10 |       |       |       |       ||    10
       Club              |     6 |       |       |       |       ||     6
       Mace              |    86 |   133 |   394 |       |       ||   613
       Flail             |       |       |    13 |   744 |       ||   757
       Dagger            |       |       |       |     1 |       ||     1
       Unarmed           |       |       |       |     5 |       ||     5
       Giant spiked club |       |       |       |   216 |    44 ||   260
       Great mace        |       |       |       |       |  1002 ||  1002
 Fire: Blowgun           |       |    20 |   112 |   243 |    43 ||   418
Throw: Stone             |    28 |    22 |    45 |    16 |       ||   111
       Javelin           |     3 |     1 |     5 |    44 |     1 ||    54
       Tomahawk          |       |       |     2 |    64 |    76 ||   142
       Large rock        |       |       |       |    67 |   238 ||   305
 Cast: Corona            |       |     1 |     8 |     2 |       ||    11
       Summon Butterflie |       |       |     1 |     6 |     2 ||     9
       Repel Missiles    |       |       |     1 |     1 |     4 ||     6
       Summon Small Mamm |       |       |     1 |       |       ||     1
       Conjure Flame     |       |       |       |    41 |    27 ||    68
       Blink             |       |       |       |    18 |    19 ||    37
       Apportation       |       |       |       |     5 |     1 ||     6
Invok: Heroism           |       |       |       |     6 |    13 ||    19
       Finesse           |       |       |       |       |     1 ||     1
 Abil: Evoke Invisibilit |       |       |       |       |     2 ||     2
Evoke: Wand              |       |       |     1 |    25 |     6 ||    32
  Use: Potion            |     2 |     1 |     4 |    10 |     5 ||    22
       Scroll            |       |     9 |     4 |     6 |    12 ||    31
 Stab: Sleeping          |     2 |     4 |    18 |    14 |     5 ||    43
       Distracted        |       |       |     2 |     1 |       ||     3
       Paralysed         |       |       |     1 |     5 |       ||     6
       Confused          |       |       |       |       |     4 ||     4
       Invisible         |       |       |       |       |     1 ||     1
  Eat: Chunk             |       |     5 |    14 |    27 |    11 ||    57
       Fruit             |       |       |     2 |       |    34 ||    36
       Bread ration      |       |       |       |     4 |       ||     4
       Beef jerky        |       |       |       |     2 |       ||     2
       Pizza             |       |       |       |       |     1 ||     1
